[Event "Ceske Budejovice GM 2022"]
[Site "Ceske Budejovice"]
[Date "2022.07.09"]
[Round "9.3"]
[White "Donchenko, Alexander"]
[Black "Gazik, Viktor"]
[Result "1-0"]
[ECO "E16"]
[WhiteElo "2640"]
[BlackElo "2544"]
[Annotator "TA"]
[PlyCount "147"]
[EventDate "2022.07.01"]
[EventType "tourn"]
[EventCountry "CZE"]
[SourceTitle "playchess.com"]
[Source "ChessBase"]
[SourceQuality "1"]
[TimeControl "40/5400+30:1800+30"]

1. d4 Nf6 2. c4 e6 3. Nf3 Bb4+ 4. Bd2 Qe7 5. g3 O-O 6. Bg2 Bxd2+ 7. Qxd2 d6 8. Nc3 e5 9. O-O Bg4 10. dxe5 {[%emt 0:20:57] E11: Bogo-Indian.} (10. Rae1 {is interesting.} Re8 11. Ng5 Nc6 12. e3) 10... dxe5 11. Nxe5 Qxe5 12. Bxb7 {[%emt 0:00:05] The position is equal.} Nbd7 {[%emt 0:01:42] Threatens to win with ...Rad8.} 13. Bxa8 Rxa8 14. f3 {[%emt 0:01:01] [#]} Be6 $146 ({Predecessor:} 14... Qc5+ 15. Kg2 Be6 16. b3 h6 17. Rad1 a5 18. e4 Qh5 19. Rf2 Ne5 20. Qf4 a4 {½-½ (50) Begunov,K (2350)-Orlov,V (2350) Leningrad 1994}) 15. b3 $1 a5 16. Rad1 Kf8 (16... a4 $11) 17. Qd4 Qxd4+ 18. Rxd4 Nc5 19. e4 (19. Rfd1 $16) 19... Rb8 {[%emt 0:06:16] Against Rd8+} 20. f4 g6 21. f5 gxf5 22. exf5 Bd7 23. Nd5 Nfe4 {[%emt 0:00:48] White leaves nothing to chance now.} (23... Nce4 $14) 24. Nxc7 $16 a4 {[%emt 0:06:25] [#]} (24... Bc6 $16 {was necessary.}) 25. Ne6+ $1 $18 Bxe6 26. fxe6 f6 {[%emt 0:00:03] [#]} 27. Re1 $1 Ng5 $2 (27... axb3 28. axb3 Ng5 29. e7+ Ke8 30. Rd8+ Rxd8 31. exd8=N+ (31. exd8=B+ Kxd8 32. Rd1+ Ke7 $18) 31... Kxd8) 28. e7+ Ke8 {[%emt 0:00:15] Strongly threatening ...Nf3+.} 29. Rd8+ $1 Rxd8 30. exd8=Q+ ({Not} 30. exd8=B+ Kxd8 31. Rd1+ Kc7 $16) 30... Kxd8 31. Rd1+ Kc7 32. Rd5 Kc6 33. bxa4 Nxa4 34. Rf5 {[%emt 0:02:25] Against Nf3+} Ne4 35. Rh5 Nac3 36. a3 Nd2 (36... Kd7 $142 37. Rxh7+ Ke6) 37. Rxh7 Nxc4 (37... Nf3+ $142 38. Kf2 Ne5) 38. h4 Ne4 39. Rg7 Ne3 40. Rg6 Nf5 41. Kg2 Nexg3 42. Rxg3 Nxh4+ {[%emt 0:00:08] KR-KN} 43. Kf2 Kb5 44. Ke2 Nf5 45. Rd3 Kc4 46. Kd2 Nd4 47. Rc3+ Kb5 48. Kd3 {[%emt 0:00:25] White mates.} Nc6 49. a4+ Kb6 50. Kc4 Ne5+ 51. Kb4 Nc6+ 52. Ka3 f5 53. Rc4 Ne7 54. Kb3 Nd5 55. Rc8 f4 56. Rf8 Kc5 57. Rf5 Kc6 58. a5 Ne7 59. Rxf4 Kb5 60. Rf7 Nc6 61. Rf5+ Ka6 62. Ka4 Kb7 63. Rf7+ Ka6 64. Rf6 Kb7 65. a6+ Kc7 66. Kb5 Na7+ 67. Kc5 Nc8 68. Rf8 Na7 69. Rf7+ Kb8 70. Rb7+ Ka8 71. Rc7 Kb8 72. Kb6 Nb5 73. Rb7+ Ka8 74. Rh7 {[%emt 0:00:05] Weighted Error Value: White=0.06 (flawless) /Black=0.40} 1-0

[Event "Ceske Budejovice GM 2022"]
[Site "Ceske Budejovice"]
[Date "2022.07.09"]
[Round "9.4"]
[White "Malinovsky, Karel"]
[Black "Kraus, Tomas"]
[Result "1/2-1/2"]
[ECO "B30"]
[WhiteElo "2463"]
[BlackElo "2488"]
[Annotator "RC"]
[PlyCount "48"]
[EventDate "2022.07.01"]
[EventType "tourn"]
[EventCountry "CZE"]
[SourceTitle "playchess.com"]
[Source "ChessBase"]
[SourceQuality "1"]
[TimeControl "40/5400+30:1800+30"]

1. e4 c5 2. Nf3 Nc6 3. Bc4 e6 4. O-O a6 5. Re1 Nf6 6. d4 cxd4 7. Nxd4 Qc7 8. Nxc6 bxc6 9. e5 Nd5 10. Bf1 c5 11. c4 Ne7 12. Nd2 Bb7 13. Ne4 Nc6 14. Nd6+ Bxd6 15. exd6 Qb6 16. Be3 a5 17. Qh5 Nd4 18. Bxd4 cxd4 19. c5 Qc6 20. Qh4 O-O 21. Qxd4 Ba6 22. Bxa6 Rxa6 23. Rac1 Rc8 24. Re3 Qxd6 1/2-1/2

[Event "Ceske Budejovice GM 2022"]
[Site "Ceske Budejovice"]
[Date "2022.07.09"]
[Round "9.5"]
[White "Stefansson, Hannes"]
[Black "Omelja, Artem"]
[Result "1/2-1/2"]
[ECO "C67"]
[WhiteElo "2541"]
[BlackElo "2478"]
[Annotator "TA"]
[PlyCount "23"]
[EventDate "2022.07.01"]
[EventType "tourn"]
[EventCountry "CZE"]
[SourceTitle "playchess.com"]
[Source "ChessBase"]
[SourceQuality "1"]
[TimeControl "40/5400+30:1800+30"]

1. e4 e5 2. Nf3 Nc6 3. Bb5 Nf6 4. O-O Nxe4 5. d4 Nd6 6. dxe5 Nxb5 7. a4 Nbd4 8. Nxd4 d5 9. exd6 Nxd4 10. Qxd4 Qxd6 ({Don't do} 10... Be6 11. Bf4 $16) 11. Qe4+ {[#] A rather calm draw. C67: Ruy Lopez: Berlin Defence: 4 0-0 Nxe4.} {Predecessor:} Qe6 $146 12. Qd4 {½-½ (12) Nepomniachtchi,I (2782)-Fedoseev,V (2704) Warsaw 2021} 1/2-1/2